 Dungeon Crawl Stone Soup version 0.18-a0-1577-gf591c28 (webtiles) character file.

71 Sixotanaka the Insei (level 3, -2/26 HPs)
             Began as a Demigod Wanderer on Mar 17, 2016.
             Slain by an adder (5 damage)
             ... on level 1 of the Dungeon.
             The game lasted 00:03:34 (2315 turns).

Sixotanaka the Insei (Demigod Wanderer)             Turns: 2315, Time: 00:03:34

Health: -2/26      AC:  3    Str: 14    XL:     3   Next: 79%
Magic:  8/8        EV: 10    Int: 16    God:
Gold:   7          SH:  0    Dex: 18    Spells: 0 memorised, 5 levels left

rFire  . . .     SeeInvis .       - Unarmed
rCold  . . .     Gourm    .     h - +0 leather armour
rNeg   . . .     Faith    .     (no shield)
rPois  .         Spirit   .     (no helmet)
rElec  .         Dismiss  .     (no cloak)
rCorr  .         Reflect  .     (no gloves)
SustAt +         Harm     .     (no boots)
MR     .....                    (no amulet)
Stlth  ++........               (no ring)
                                m - ring of wizardry

@: not resistant to hostile enchantments, unstealthy
A: high mp 1, sustain attributes
a: no special abilities


You were on level 1 of the Dungeon.
You were not hungry.

You visited 1 branch of the dungeon, and saw 2 of its levels.

You collected 7 gold pieces.


Innate Abilities, Weirdness & Mutations

You have an increased reservoir of magic (+10% MP).
Your attributes are resistant to harm.


   Skills:
 - Level 2.6 Stealth
 + Level 5.1 Unarmed Combat
 - Level 1.7 Spellcasting
   Level 1.0 Summonings


You had 5 spell levels left.
You didn't know any spells.

Dungeon Overview and Level Annotations

Branches:
Dungeon (2/15)

Inventory:

Missiles
 j - a throwing net (quivered)
 r - 15 poisoned needles
Armour
 h - a +0 leather armour (worn)
Magical Staves
 p - an uncursed staff of earth {!a}
Jewellery
 e - an uncursed ring of fire
 m - a ring of wizardry (left hand)
Scrolls
 d - a scroll of teleportation {@r4}
Potions
 a - a potion of heal wounds {unknown}
 b - a potion of haste {@q3}
 c - 4 potions of curing {@q1}
 i - a potion of flight
Comestibles
 f - a bread ration
 l - a royal jelly

'####
#.#.###################
....# #.#...........#
....# #.#..########.#
....#
#.#..########'####
....#
#.#..##..........#
....#
#.#..##..........#
....#
#.#..##..........#
....#
#.#..##..........#
....#
#.#..##S@......[.#
....#
#.#####K(........#
....#
#.....'..........#
....#
#######..........#
....# #..........#
....# #(.........#
....# #..........#
##### #..........#
############


You could see an adder and a kobold.


Message History

A kobold and Ijyb come into view.
Found a stone staircase leading down.
A kobold comes into view. It is wielding a whip of flaming.
Ijyb shouts!
The kobold shouts!
Found a scroll labeled EGGUELAJIW.
There is a stone staircase leading down here.
The kobold shouts!
You hit Ijyb but do no damage. Ijyb barely misses you.
You miss Ijyb. You barely miss Ijyb. Ijyb hits you but does no damage.
You hit Ijyb but do no damage. Ijyb barely misses you.
The kobold closely misses you.
You closely miss Ijyb. Ijyb hits you with a club.
You hit Ijyb but do no damage. Ijyb hits you but does no damage.
You hit Ijyb. Ijyb hits you but does no damage.
You closely miss Ijyb. The kobold hits you but does no damage.
Ijyb completely misses you.
You closely miss Ijyb. The kobold barely misses you. Ijyb hits you with a club.
You closely miss Ijyb. Ijyb hits you with a club.
You hit Ijyb. Ijyb barely misses you.
You barely miss Ijyb. Ijyb hits you but does no damage.
You hit Ijyb but do no damage. Ijyb hits you with a club.
You hit Ijyb. You hit Ijyb but do no damage. You punch Ijyb.
Ijyb hits you with a club.
You completely miss Ijyb. Ijyb hits you with a club.
* * * LOW HITPOINT WARNING * * *
You hit Ijyb. Ijyb hits you but does no damage.
You completely miss Ijyb. Ijyb closely misses you.
Unknown command.
You hit Ijyb. Ijyb completely misses you.
You hit Ijyb but do no damage. You hit Ijyb. Ijyb closely misses you.
You hit Ijyb but do no damage. Ijyb barely misses you.
You hit Ijyb.
You kill Ijyb!
Your Unarmed Combat skill increases to level 5!
You closely miss the kobold. The kobold hits you but does no damage.
You hit the kobold. The kobold closely misses you.
You completely miss the kobold. The kobold hits you with a dagger.
* * * LOW HITPOINT WARNING * * *
You completely miss the kobold. The kobold hits you with a dagger.
* * * LOW HITPOINT WARNING * * *
A jackal comes into view.
A jackal comes into view.
A jackal comes into view.
The jackal barks!
Things that are here:
a short sword; a +2 dagger
There is a stone staircase leading up here.
The kobold barely misses you. The jackal bites you.
* * * LOW HITPOINT WARNING * * *
You climb upwards.
There is a stone staircase leading down here.
You see here a club.
All of the chunks of flesh in your inventory have rotted away.
There is an open door here.
There is an open door here.
An adder comes into view.
The adder moves out of view.
There is an open door here.
You close the door.
A kobold opens the door.
The adder bites you.
* * * LOW HITPOINT WARNING * * *
You barely miss the adder. The adder closely misses you.
You hit the adder. The adder barely misses you.
The kobold hits you but does no damage. The adder bites you.
* * * LOW HITPOINT WARNING * * *
The adder bites you.
You die...

Action                   || total
-------------------------++-------
Melee: Dagger            ||    54
       Unarmed           ||    78
  Use: Scroll            ||     5
 Stab: Sleeping          ||     3
  Eat: Chunk             ||     4

Vault maps used:
D:1:      dpeg_arrival_pond
D:2:      old_standard_altar, first_bread, corexii_leaking_fountain,
          hangedman_decor_push, uniq_iyjb

Notes
Turn   | Place    | Note
--------------------------------------------------------------
     0 | D:1      | Sixotanaka the Demigod Wanderer began the quest for the Orb.
     0 | D:1      | Sixotanaka set off with: a +2 dagger, a potion of haste {@q3}, a potion of curing {@q1}, a scroll of teleportation {@r4}, a +0 robe, a bread ration
     0 | D:1      | Reached XP level 1. HP: 14/14 MP: 5/5
   635 | D:1      | Reached skill level 4 in Unarmed Combat
   643 | D:1      | You fall through a shaft!
   721 | D:1      | Reached XP level 2. HP: 20/20 MP: 7/7
   992 | D:1      | HP: 5/20 [worm (10)]
  1725 | D:2      | Reached XP level 3. HP: 11/26 MP: 8/8
  2077 | D:2      | Found a bloodstained altar of Trog.
  2169 | D:2      | Noticed Ijyb
  2207 | D:2      | Killed Ijyb
  2207 | D:2      | Reached skill level 5 in Unarmed Combat
  2211 | D:2      | HP: 5/26 [kobold/dagger (2)]
  2247 | D:2      | HP: 5/26 [jackal (3)]
  2315 | D:1      | HP: 3/26 [adder (4)]
  2315 | D:1      | Slain by an adder

Vanquished Creatures
  Ijyb (D:2)
  An adder (D:2)
  An ooze (D:2)
  2 worms
  A giant gecko (D:1)
  7 bats
  2 giant cockroaches (D:1)
  A goblin (D:2)
  2 hobgoblins
  2 kobolds
  A ball python (D:2)
  A giant newt (D:2)
  7 rats
29 creatures vanquished.
